Map: Lightshade LE

Players

Reynor

  • Race: Zerg Zerg
  • League: Master

AGOElazer (Elazer) - Winner!

  • Race: Zerg Zerg
  • League: Grandmaster

Event: DreamHack SC2 Masters 2021 Summer

VOD

Have the link to the VOD?

Description

Time

  • Played on: June 1, 2021, 9:13 a.m.
  • Length: 9:54

All games in this series

Show
View Real Time Build Order
Export as new Build Order

Reynor Zerg 

Build Orders: Hatch First 

Get SALT Encoding   

  12  0:00  Drone  
  13  0:11  Overlord  
  13  0:16  Drone  
  14  0:30  Drone x2  
  16  0:47  Hatchery  
  15  0:50  Drone  
  15  0:53  Drone  
  17  0:57  Drone  
  18  1:07  Extractor  
  17  1:12  Spawning Pool  
  17  1:15  Drone  
  17  1:19  Drone  
  18  1:27  Drone  
  19  1:38  Drone  
  20  1:49  Drone  
  21  1:59  Queen x2, Overlord  
  21  2:00  Zergling x2  
  26  2:08  Metabolic Boost  
  26  2:09  Drone  
  26  2:12  Drone  
  28  2:20  Drone  
  28  2:21  Drone  
  30  2:34  Hatchery  
  29  2:38  Drone  
  29  2:39  Drone  
  31  2:47  Baneling Nest  
  31  2:48  Drone  
  31  2:49  Zergling x2  
  32  2:53  Overlord  
  32  2:58  Drone  
  33  3:12  Overlord  
  33  3:13  Zergling x8  
  33  3:14  Drone  
  33  3:15  Drone  
  33  3:18  Zergling x2  
  40  3:22  Evolution Chamber  
  40  3:27  Zergling x4  
  41  3:30  Baneling x2  
  41  3:33  Queen  
  43  3:36  Zergling x2  
  43  3:41  Zergling x2  
  44  3:47  Baneling  
  44  3:48  Drone x2  
  44  3:52  Drone  
  44  3:53  Drone x4  
  50  4:01  Overlord  
  50  4:03  Drone x3  
  50  4:05  Drone  
  54  4:11  Drone  
  54  4:15  Overlord  
  54  4:16  Drone  
  56  4:19  Zerg Missile Weapons Level 1  
  56  4:20  Drone x2  
  56  4:22  Drone  
  59  4:27  Roach Warren  
  59  4:30  Drone x2  
  60  4:33  Roach Warren  
  60  4:36  Drone x2  
  60  4:38  Extractor  
  61  4:39  Extractor  
  61  4:42  Drone x2  
  62  4:47  Overlord  
  62  4:49  Lair  
  62  4:50  Drone x3  
  62  4:52  Drone x3  
  67  4:56  Drone  
  67  4:57  Drone x2  
  70  5:01  Baneling  
  70  5:05  Baneling  
  70  5:07  Zergling x8  
  76  5:08  Baneling  
  76  5:11  Drone x2  
  76  5:13  Drone  
  79  5:18  Overlord  
  79  5:27  Drone x2  
  81  5:28  Drone  
  81  5:29  Extractor, Drone  
  81  5:30  Extractor, Overlord  
  81  5:32  Drone x2  
  81  5:33  Extractor  
  80  5:39  Roach x5  
  89  5:43  Spine Crawler  
  89  5:44  Spine Crawler, Queen  
  89  5:46  Baneling, Overlord  
  89  5:47  Baneling x3, Queen  
  89  5:48  Roach  
  94  5:53  Spine Crawler x2  
  94  5:54  Roach  
  95  5:59  Roach  
  95  6:02  Overlord  
  96  6:08  Zergling x2, Roach x5  
  98  6:15  Roach x3  
  102  6:20  Roach x2  
  94  6:29  Overlord  
  94  6:31  Extractor  
  94  6:32  Roach  
  80  6:37  Zergling x2, Roach  
  83  6:42  Roach Warren  
  83  6:45  Roach x2  
  86  6:52  Roach  
  86  6:54  Zergling x2, Roach x2  
  93  6:55  Zergling x2  
  88  7:08  Zergling x6  
  79  7:16  Zerg Missile Weapons Level 2  
  74  7:23  Drone x5, Glial Reconstitution  
  75  7:33  Drone  
  75  7:35  Drone  
  77  7:52  Roach x2  
  77  7:54  Overseer  
  77  7:57  Hatchery  
  80  8:00  Roach x2  
  80  8:05  Roach x3  
  90  8:09  Roach x2  
  90  8:11  Drone  
  90  8:12  Drone  
  96  8:14  Roach  
  96  8:19  Roach  
  102  8:20  Roach  
  102  8:29  Drone  
  102  8:30  Overlord  
  102  8:31  Ravager  
  102  8:33  Roach x3  
  110  8:38  Roach  
  110  8:42  Overlord  
  110  8:43  Roach  
  110  8:45  Ravager x2  
  114  8:48  Roach  
  115  8:59  Roach x3  
  115  9:01  Ravager  
  122  9:02  Roach  
  122  9:09  Zergling x6  
  124  9:13  Roach  
  124  9:16  Overlord  
  126  9:25  Overlord  
  126  9:26  Overlord  
Show
View Real Time Build Order
Export as new Build Order

AGOElazer Zerg - Winner!

Build Orders: Hatch First 

Get SALT Encoding   

  12  0:00  Drone  
  13  0:12  Overlord  
  13  0:17  Drone  
  14  0:31  Drone x2  
  16  0:48  Hatchery  
  15  0:51  Drone  
  15  0:54  Drone  
  17  0:57  Drone  
  18  1:05  Extractor  
  17  1:13  Spawning Pool  
  17  1:16  Drone  
  17  1:19  Drone  
  18  1:29  Drone  
  19  1:39  Drone  
  20  1:49  Drone  
  21  2:00  Queen x2, Zergling x2  
  26  2:01  Overlord  
  26  2:06  Metabolic Boost  
  26  2:11  Drone  
  26  2:12  Drone  
  28  2:21  Zergling x2  
  28  2:22  Drone  
  30  2:32  Hatchery  
  30  2:35  Drone  
  30  2:38  Drone  
  31  2:45  Overlord  
  31  2:46  Drone  
  32  2:57  Zergling x4  
  34  3:07  Zergling x2  
  34  3:08  Zergling x8  
  34  3:10  Zergling x6  
  42  3:19  Baneling Nest  
  41  3:20  Zergling x2  
  41  3:21  Overlord  
  42  3:36  Drone x2  
  42  3:40  Drone x7  
  50  3:45  Drone  
  50  3:46  Drone  
  51  3:48  Queen  
  51  3:53  Overlord  
  51  3:54  Drone  
  54  4:00  Evolution Chamber  
  53  4:03  Drone x3  
  53  4:07  Overlord  
  56  4:13  Drone x4  
  56  4:15  Drone x2  
  62  4:18  Drone  
  62  4:19  Extractor  
  62  4:20  Extractor, Drone  
  62  4:26  Zerg Ground Armor Level 1  
  62  4:31  Roach Warren  
  62  4:33  Overlord  
  62  4:37  Zergling x8  
  65  4:49  Overlord  
  65  4:50  Overlord  
  64  4:57  Overlord x2  
  64  5:05  Baneling  
  64  5:06  Overlord  
  64  5:16  Roach x9  
  81  5:22  Roach  
  81  5:23  Roach  
  81  5:26  Roach x2  
  89  5:31  Roach  
  90  5:37  Roach x2  
  90  5:38  Roach  
  95  5:46  Zergling x14  
  95  5:47  Baneling x2  
  102  5:51  Zergling x2  
  102  5:52  Baneling  
  102  5:53  Baneling  
  103  6:01  Zergling x12  
  104  6:07  Zergling x8  
  104  6:09  Ravager  
  104  6:10  Ravager  
  107  6:16  Zergling x6  
  108  6:22  Zergling x2  
  102  6:27  Overlord  
  102  6:28  Drone x5, Zerg Missile Weapons Level 1  
  102  6:31  Drone  
  105  6:34  Drone x2  
  105  6:37  Lair  
  106  6:44  Overlord  
  106  6:45  Drone x2  
  108  6:53  Drone x5  
  107  7:10  Roach x8  
  107  7:14  Roach x2  
  118  7:18  Roach  
  115  7:25  Roach x4  
  115  7:29  Overlord  
  121  7:30  Roach  
  121  7:35  Roach  
  121  7:37  Glial Reconstitution  
  121  7:40  Extractor x2  
  121  7:44  Overseer  
  119  7:45  Drone x3  
  119  7:48  Overlord  
  119  7:49  Hatchery, Roach  
  123  7:54  Zergling x12  
  123  7:58  Overlord  
  129  8:05  Roach x3  
  135  8:07  Overlord  
  135  8:10  Roach  
  135  8:11  Roach  
  139  8:16  Overlord  
  139  8:19  Roach x6  
  152  8:27  Drone x2  
  152  8:30  Overlord  
  152  8:32  Extractor  
  152  8:36  Drone x3  
  152  8:40  Ravager x2  
  157  8:41  Roach  
  157  8:42  Roach  
  157  8:44  Overlord  
  157  8:47  Roach x3  
  166  8:50  Roach x2  
  168  8:56  Roach x3  
  168  9:00  Roach x2  
  177  9:06  Roach x3  
  183  9:14  Baneling  
  183  9:15  Baneling x3  
  191  9:17  Roach x4  
  191  9:19  Overlord  
  191  9:20  Overlord  
Tags
 
Add a new tag
Caveats
  • Supply blocks, unpowered buildings, or Contaminate may cause inaccurate times.
  • Supply counts are checked every 10 seconds.